TOP OF THE 1ST |
Arkansas Razorbacks batting - Pitching for Michigan State Spartans : RHP Dave Gillard
|
Pitching: RHP Dave Gillard
|
|
Batting: SHB Curt Kemp
|
0-0: Called Strike 0-1: Swinging Strike 0-2: Ball 1-2: Ball 2-2: Ground out 4-3 (Groundball, 34)
|
Batting: RHB Peter Harris
|
0-0: Ball 1-0: SINGLE (Flyball, 8LM)
|
Batting: RHB Stuart Mitchell
|
0-0: Foul Ball, location: 2F 0-1: Ball 1-1: Foul Ball, location: 2F 1-2: Strikes out looking
|
Batting: LHB Juan Fernández
|
0-0: Called Strike 0-1: DOUBLE (Line Drive, 9LS) Peter Harris to third Runner from 3rd tries for Home, SAFE, no throw
|
Batting: RHB Cy Wilcox
|
0-0: Called Strike 0-1: Swinging Strike 0-2: Ball 1-2: Ball 2-2: Ground out U3 (Groundball, 34)
|
Top of the 1st over - 1 run, 2 hits, 0 errors, 1 left on base; Arkansas 1 - Michigan State 0 |
BOTTOM OF THE 1ST |
Michigan State Spartans batting - Pitching for Arkansas Razorbacks : RHP Ángel Quintana
|
Pitching: RHP Ángel Quintana
|
|
Batting: RHB Ben Griffin
|
0-0: Ball 1-0: SINGLE (Groundball, 6MD)
|
Batting: LHB Carlos Anaya
|
0-0: Ball 1-0: Called Strike 1-1: Fielders Choice at 2nd, 4-6 (Groundball, 4)
|
Batting: LHB Larry Estes
|
0-0: Called Strike 0-1: SINGLE (Line Drive, 34) Carlos Anaya to second Runner from 2nd tries for 3rd, SAFE, no throw
|
Batting: RHB Walt Owens
|
0-0: Ball 1-0: Ball 2-0: Ball 3-0: Called Strike 3-1: Swinging Strike 3-2: Strikes out swinging
|
Batting: LHB Culley Knapp
|
0-0: Foul Ball, location: 2F 0-1: Ball 1-1: Swinging Strike 1-2: Ball 2-2: Ground out 4-3 (Groundball, 4)
|
Bottom of the 1st over - 0 runs, 2 hits, 0 errors, 2 left on base; Arkansas 1 - Michigan State 0 |
TOP OF THE 2ND |
Arkansas Razorbacks batting - Pitching for Michigan State Spartans : RHP Dave Gillard
|
Batting: RHB Craig Hicks
|
0-0: Ball 1-0: SINGLE (Groundball, 4D)
|
Batting: RHB Floyd Norman
|
0-0: Called Strike 0-1: Swinging Strike 0-2: Ground out 5-3 (Groundball, 25) Craig Hicks to second
|
Batting: RHB Joe Matthews
|
0-0: Foul Ball, location: 2F 0-1: Fly out, F5 (Line Drive, 5)
|
Batting: RHB Luis Manuel Chacón
|
0-0: Ball 1-0: Called Strike 1-1: Swinging Strike 1-2: Foul Ball, location: 2F 1-2: Ball 2-2: Ball 3-2: Foul Ball, location: 2F 3-2: Base on Balls
|
Batting: SHB Curt Kemp
|
0-0: Called Strike 0-1: Ball 1-1: Ground out U3 (Groundball, 34)
|
Top of the 2nd over - 0 runs, 1 hit, 0 errors, 2 left on base; Arkansas 1 - Michigan State 0 |
BOTTOM OF THE 2ND |
Michigan State Spartans batting - Pitching for Arkansas Razorbacks : RHP Ángel Quintana
|
Batting: RHB Robbie Lawrence
|
0-0: SINGLE (Groundball, 56D)
|
Batting: RHB Luis Solano
|
0-0: Ball 1-0: Foul Ball, location: 2F 1-1: Foul Ball, location: 2F 1-2: Ball Robbie Lawrence steals 2nd base 2-2: Ground out 6-3 (Groundball, 6S) Robbie Lawrence to third
|
Batting: RHB Peter Wagner
|
0-0: Called Strike 0-1: Foul Ball, location: 2F 0-2: SINGLE (Groundball, 56D) Robbie Lawrence scores
|
Batting: LHB Adrian Bonner
|
0-0: Called Strike 0-1: Ball 1-1: Grounds into double play, 4-6-3 (Groundball, 4)
|
Bottom of the 2nd over - 1 run, 2 hits, 0 errors, 0 left on base; Arkansas 1 - Michigan State 1 |
TOP OF THE 3RD |
Arkansas Razorbacks batting - Pitching for Michigan State Spartans : RHP Dave Gillard
|
Batting: RHB Peter Harris
|
0-0: Swinging Strike 0-1: Ball 1-1: Ball 2-1: Foul Ball, location: 2F 2-2: Strikes out swinging
|
Batting: RHB Stuart Mitchell
|
0-0: Foul Ball, location: 2F 0-1: Swinging Strike 0-2: Strikes out swinging
|
Batting: LHB Juan Fernández
|
0-0: Ball 1-0: Foul Ball, location: 2F 1-1: SOLO HOME RUN (Flyball, 9D), Distance : 365 ft
|
Batting: RHB Cy Wilcox
|
0-0: Ball 1-0: Foul Ball, location: 2F 1-1: Ball 2-1: Foul Ball, location: 2F 2-2: Ball 3-2: Hit by Pitch
|
Batting: RHB Craig Hicks
|
0-0: Called Strike 0-1: Ball 1-1: Ball 2-1: Ball 3-1: Base on Balls Cy Wilcox to second
|
Batting: RHB Floyd Norman
|
0-0: Called Strike 0-1: Ball 1-1: Called Strike 1-2: Ball 2-2: Strikes out looking
|
Top of the 3rd over - 1 run, 1 hit, 0 errors, 2 left on base; Arkansas 2 - Michigan State 1 |
BOTTOM OF THE 3RD |
Michigan State Spartans batting - Pitching for Arkansas Razorbacks : RHP Ángel Quintana
|
Batting: RHB Ben Griffin
|
0-0: Swinging Strike 0-1: Ball 1-1: Ground out U3 (Groundball, 34S)
|
Batting: LHB Carlos Anaya
|
0-0: Foul Ball, location: 2F 0-1: SINGLE (Groundball, 6D)
|
Batting: LHB Larry Estes
|
0-0: Called Strike 0-1: Ball 1-1: Foul Ball, location: 2F 1-2: Strikes out swinging
|
Batting: RHB Walt Owens
|
0-0: Foul Ball, location: 2F 0-1: Ball 1-1: Ball 2-1: Foul Ball, location: 2F 2-2: Strikes out swinging
|
Bottom of the 3rd over - 0 runs, 1 hit, 0 errors, 1 left on base; Arkansas 2 - Michigan State 1 |
TOP OF THE 4TH |
Arkansas Razorbacks batting - Pitching for Michigan State Spartans : RHP Dave Gillard
|
Batting: RHB Joe Matthews
|
0-0: Called Strike 0-1: Fly out, F7 (Flyball, 7)
|
Batting: RHB Luis Manuel Chacón
|
0-0: Ball 1-0: Fly out, F9 (Flyball, 9S)
|
Batting: SHB Curt Kemp
|
0-0: Called Strike 0-1: Ball 1-1: Ground out 4-3 (Groundball, 4)
|
Top of the 4th over - 0 runs, 0 hits, 0 errors, 0 left on base; Arkansas 2 - Michigan State 1 |
BOTTOM OF THE 4TH |
Michigan State Spartans batting - Pitching for Arkansas Razorbacks : RHP Ángel Quintana
|
Batting: LHB Culley Knapp
|
0-0: Called Strike 0-1: Fly out, F4 (Popup, 13)
|
Batting: RHB Robbie Lawrence
|
0-0: Foul Ball, location: 2F 0-1: SINGLE (Line Drive, 6MD)
|
Batting: RHB Luis Solano
|
0-0: Fly out, F7 (Flyball, 7LSF)
|
Batting: RHB Peter Wagner
|
0-0: Ball 1-0: Ground out 5-3 (Groundball, 56S)
|
Bottom of the 4th over - 0 runs, 1 hit, 0 errors, 1 left on base; Arkansas 2 - Michigan State 1 |
TOP OF THE 5TH |
Arkansas Razorbacks batting - Pitching for Michigan State Spartans : RHP Dave Gillard
|
Batting: RHB Peter Harris
|
0-0: Ball 1-0: Ball 2-0: Ball 3-0: Base on Balls
|
Batting: RHB Stuart Mitchell
|
0-0: Ground out 5-3 (Groundball, 56S) Peter Harris to second
|
Batting: LHB Juan Fernández
|
0-0: Called Strike 0-1: Fly out, F9 (Flyball, 89D) Runner from 2nd tags up, SAFE at 3rd with throw
|
Pitching: LHP Martín Sandoval
|
|
Batting: RHB Cy Wilcox
|
0-0: Fly out, F9 (Flyball, 89M)
|
Top of the 5th over - 0 runs, 0 hits, 0 errors, 1 left on base; Arkansas 2 - Michigan State 1 |
BOTTOM OF THE 5TH |
Michigan State Spartans batting - Pitching for Arkansas Razorbacks : RHP Ángel Quintana
|
Batting: LHB Adrian Bonner
|
0-0: Ball 1-0: Ball 2-0: Bunt for hit - play at first, batter safe!
|
Batting: RHB Ben Griffin
|
0-0: Called Strike 0-1: Ball 1-1: Ball Wild Pitch! Adrian Bonner to second 2-1: Ball 3-1: Base on Balls
|
Batting: LHB Carlos Anaya
|
0-0: Called Strike 0-1: Foul Ball, location: 2F 0-2: Strikes out swinging
|
Batting: LHB Larry Estes
|
0-0: Ball 1-0: Ball 2-0: Swinging Strike 2-1: Swinging Strike 2-2: Ball 3-2: DOUBLE (Line Drive, 89D) Adrian Bonner scores Ben Griffin to third
|
Batting: RHB Walt Owens
|
0-0: Ball 1-0: Swinging Strike 1-1: Ball 2-1: Ball 3-1: Base on Balls
|
Batting: LHB Culley Knapp
|
0-0: Ball 1-0: Foul Ball, location: 2F 1-1: Ball 2-1: Ball 3-1: Base on Balls Ben Griffin scores Larry Estes to third Walt Owens to second
|
Batting: RHB Robbie Lawrence
|
0-0: Foul Ball, location: 2F 0-1: Ball 1-1: Called Strike 1-2: Foul Ball, location: 2F 1-2: Foul Ball, location: 2F 1-2: Ball 2-2: Fly out, F3 (Popup, 3SF)
|
Pitching: RHP Ron Meany
|
|
Batting: RHB Luis Solano
|
0-0: Called Strike 0-1: Foul Ball, location: 2F 0-2: Ball 1-2: Ball 2-2: Fly out, F8 (Flyball, 78M)
|
Bottom of the 5th over - 2 runs, 2 hits, 0 errors, 3 left on base; Arkansas 2 - Michigan State 3 |
TOP OF THE 6TH |
Arkansas Razorbacks batting - Pitching for Michigan State Spartans : LHP Martín Sandoval
|
Batting: RHB Craig Hicks
|
0-0: Ball 1-0: Foul Ball, location: 2F 1-1: Foul Ball, location: 2F 1-2: Strikes out looking
|
Batting: RHB Floyd Norman
|
0-0: Ball 1-0: Called Strike 1-1: Foul Ball, location: 2F 1-2: Ball 2-2: Ball 3-2: Strikes out swinging
|
Batting: RHB Joe Matthews
|
0-0: Bunted foul 0-1: Ball 1-1: Ball 2-1: SINGLE (Groundball, 15S) (infield hit)
|
Batting: RHB Luis Manuel Chacón
|
0-0: Ball 1-0: DOUBLE (Flyball, 89XD) Joe Matthews to third
|
Batting: SHB Curt Kemp
|
0-0: Ball 1-0: SINGLE (Line Drive, 4D) Joe Matthews scores Luis Manuel Chacón to third
|
Batting: RHB Peter Harris
|
0-0: Called Strike 0-1: Called Strike 0-2: Ball 1-2: Ground out 1-3 (Groundball, 13)
|
Top of the 6th over - 1 run, 3 hits, 0 errors, 2 left on base; Arkansas 3 - Michigan State 3 |
BOTTOM OF THE 6TH |
Michigan State Spartans batting - Pitching for Arkansas Razorbacks : RHP Ron Meany
|
Batting: RHB Peter Wagner
|
0-0: Ball 1-0: Called Strike 1-1: Called Strike 1-2: Foul Ball, location: 2F 1-2: Foul Ball, location: 2F 1-2: Ball 2-2: Strikes out swinging
|
Batting: LHB Adrian Bonner
|
0-0: Called Strike 0-1: Swinging Strike 0-2: SINGLE (Popup, 4D)
|
Batting: RHB Ben Griffin
|
0-0: Called Strike 0-1: Ball 1-1: Called Strike 1-2: Strikes out looking
|
Batting: LHB Carlos Anaya
|
0-0: Ball 1-0: Ball 2-0: Ball 3-0: Base on Balls Adrian Bonner to second
|
Batting: LHB Larry Estes
|
0-0: Foul Ball, location: 2F 0-1: Ball 1-1: Foul Ball, location: 2F 1-2: Strikes out looking
|
Bottom of the 6th over - 0 runs, 1 hit, 0 errors, 2 left on base; Arkansas 3 - Michigan State 3 |
TOP OF THE 7TH |
Arkansas Razorbacks batting - Pitching for Michigan State Spartans : LHP Martín Sandoval
|
Batting: RHB Stuart Mitchell
|
0-0: Called Strike 0-1: Called Strike 0-2: Foul Ball, location: 2F 0-2: Strikes out swinging
|
Pinch Hitting: SHB Bryan Gray
|
0-0: Ball 1-0: Ball 2-0: Foul Ball, location: 2F 2-1: Foul Ball, location: 2F 2-2: Fly out, F8 (Flyball, 8RM)
|
Batting: RHB Cy Wilcox
|
0-0: Ball 1-0: Called Strike 1-1: Ball 2-1: Ball 3-1: Called Strike 3-2: Foul Ball, location: 2F 3-2: DOUBLE (Line Drive, 9LM)
|
Batting: RHB Craig Hicks
|
0-0: Ball 1-0: Ground out 6-3 (Groundball, 56D)
|
Top of the 7th over - 0 runs, 1 hit, 0 errors, 1 left on base; Arkansas 3 - Michigan State 3 |
BOTTOM OF THE 7TH |
Michigan State Spartans batting - Pitching for Arkansas Razorbacks : RHP Ron Meany
|
Pitching: RHP Jim Forrest
|
|
Now in LF: Wynn Quinn
|
|
Batting: RHB Walt Owens
|
0-0: Called Strike 0-1: Ball 1-1: Ball 2-1: Ground out 6-3 (Groundball, 6)
|
Pitching: RHP Jeffrey Lyons
|
|
Batting: LHB Culley Knapp
|
0-0: Ball 1-0: Called Strike 1-1: Ball 2-1: Called Strike 2-2: Strikes out swinging
|
Batting: RHB Robbie Lawrence
|
0-0: Ball 1-0: Called Strike 1-1: Foul Ball, location: 2F 1-2: Ball 2-2: Strikes out swinging
|
Bottom of the 7th over - 0 runs, 0 hits, 0 errors, 0 left on base; Arkansas 3 - Michigan State 3 |
TOP OF THE 8TH |
Arkansas Razorbacks batting - Pitching for Michigan State Spartans : LHP Martín Sandoval
|
Batting: RHB Floyd Norman
|
0-0: Ball 1-0: SINGLE (Groundball, 56D)
|
Batting: RHB Joe Matthews
|
0-0: Foul Ball, location: 2F 0-1: Ball 1-1: Ball 2-1: Swinging Strike 2-2: Ball 3-2: Strikes out swinging
|
Pinch Hitting: RHB Matt López
|
0-0: Called Strike 0-1: Swinging Strike 0-2: Ball 1-2: Foul Ball, location: 2F 1-2: Strikes out swinging
|
Batting: SHB Curt Kemp
|
0-0: TRIPLE (Line Drive, 8RXD) Floyd Norman scores
|
Pitching: RHP Ed Fuller
|
|
Batting: RHB Peter Harris
|
0-0: Ball 1-0: DOUBLE (Flyball, 78D) Curt Kemp scores
|
Batting: RHB Stuart Mitchell
|
0-0: Ball 1-0: Fly out, F8 (Flyball, 89D)
|
Top of the 8th over - 2 runs, 3 hits, 0 errors, 1 left on base; Arkansas 5 - Michigan State 3 |
BOTTOM OF THE 8TH |
Michigan State Spartans batting - Pitching for Arkansas Razorbacks : RHP Jeffrey Lyons
|
Now at SS: Danny Walker
|
|
Batting: RHB Luis Solano
|
0-0: Ball 1-0: Ball 2-0: Ball 3-0: Base on Balls
|
Batting: RHB Peter Wagner
|
0-0: Foul Ball, location: 2F 0-1: Foul Ball, location: 2F 0-2: Ball 1-2: Ball 2-2: Ball 3-2: Base on Balls Luis Solano to second
|
Pitching: RHP Darrell Sánchez
|
|
Batting: LHB Adrian Bonner
|
0-0: DOUBLE (Line Drive, 9LM) Luis Solano scores Peter Wagner to third Runner from 3rd tries for Home, SAFE, no throw
|
Batting: RHB Ben Griffin
|
0-0: Called Strike 0-1: SINGLE (Groundball, 6MD) Adrian Bonner to third
|
Batting: LHB Carlos Anaya
|
0-0: Called Strike 0-1: Ball 1-1: Ball 2-1: Ball 3-1: Base on Balls Ben Griffin to second
|
Batting: LHB Larry Estes
|
0-0: Foul Ball, location: 2F 0-1: Grounds into double play, 4-2-3 (Groundball, 4) Ben Griffin to third Carlos Anaya to second
|
Batting: RHB Walt Owens
|
0-0: Ground out 3-1 (Groundball, 34)
|
Bottom of the 8th over - 2 runs, 2 hits, 0 errors, 2 left on base; Arkansas 5 - Michigan State 5 |
TOP OF THE 9TH |
Arkansas Razorbacks batting - Pitching for Michigan State Spartans : RHP Ed Fuller
|
Pitching: LHP Rich DeBerenger
|
|
Batting: RHB Wynn Quinn
|
0-0: Ball 1-0: Ground out U3 (Groundball, 3)
|
Batting: RHB Cy Wilcox
|
0-0: Ball 1-0: Ball 2-0: Called Strike 2-1: Foul Ball, location: 2F 2-2: Strikes out swinging
|
Batting: RHB Craig Hicks
|
0-0: Called Strike 0-1: Called Strike 0-2: Strikes out looking
|
Top of the 9th over - 0 runs, 0 hits, 0 errors, 0 left on base; Arkansas 5 - Michigan State 5 |
BOTTOM OF THE 9TH |
Michigan State Spartans batting - Pitching for Arkansas Razorbacks : RHP Darrell Sánchez
|
Batting: LHB Culley Knapp
|
0-0: Ball 1-0: Foul Ball, location: 2F 1-1: Ball 2-1: Fly out, F9 (Flyball, 9S)
|
Batting: RHB Robbie Lawrence
|
0-0: Ball 1-0: Ball 2-0: Ball 3-0: Base on Balls
|
Batting: RHB Luis Solano
|
0-0: Swinging Strike 0-1: Ball 1-1: Swinging Strike 1-2: Ball 2-2: Foul Ball, location: 2F 2-2: SINGLE (Line Drive, 34) Robbie Lawrence to second
|
Batting: RHB Peter Wagner
|
0-0: Called Strike 0-1: Ball 1-1: Ball 2-1: Foul Ball, location: 2F 2-2: Ball Passed Ball! Robbie Lawrence to third Luis Solano to second 3-2: Intentional Walk
|
Batting: LHB Adrian Bonner
|
0-0: Ball 1-0: Ball 2-0: Called Strike 2-1: Ball 3-1: Foul Ball, location: 2F 3-2: SINGLE (Line Drive, 8RM) Robbie Lawrence scores
|
Saturday, April 7th, 2018 - OOTP Baseball 18.8 Build 76
|
|